 Dungeon Crawl Stone Soup version 0.30.1-3-gfc49f6343a (webtiles) character file.

Game seed: 8639711793584947379

2909 spardeous the Destroyer (level 9, -1/62 HPs)
             Began as a Demigod Conjurer on Aug 4, 2023.
             Slain by Prince Ribbit (12 damage)
             ... on level 6 of the Dungeon.
             The game lasted 00:08:08 (7512 turns).

spardeous the Destroyer (Demigod Conjurer)          Turns: 7512, Time: 00:08:08

Health: -1/62      AC:  5    Str: 12    XL:     9   Next: 25%
Magic:  21/25      EV: 11    Int: 28    God:
Gold:   269        SH:  0    Dex: 12    Spells: 21/24 levels left

rFire   . . .        n - +0 club
rCold   . . .        (no shield)
rNeg    . . .        o - +0 leather armour
rPois   .            (no helmet)
rElec   .            B - +0 cloak
rCorr   .            (no gloves)
SInv    .            E - +0 pair of boots
Will    .....        (no amulet)
Stlth   ++           l - ring of flight
HPRegen 0.30/turn    (no ring)
MPRegen 0.19/turn

%: no passive effects
@: flying
A: high MP 1, forlorn, divine attributes
a: no special abilities


You were on level 6 of the Dungeon.
You visited 1 branch of the dungeon, and saw 6 of its levels.

You collected 269 gold pieces.

Inventory:

Hand Weapons
 n - a +0 club (weapon)
Armour
 a - a +0 kite shield
 o - a +0 leather armour (worn)
 B - a +0 cloak (worn)
 C - a +0 cloak
 E - a +0 pair of boots (worn)
Jewellery
 l - a ring of flight (left hand)
Wands
 A - a wand of digging (5)
 D - a wand of iceblast (4)
Scrolls
 c - 8 scrolls of identify {unknown}
 e - a scroll of fear {unknown}
 f - a scroll of blinking {unknown}
 j - 2 scrolls of amnesia {unknown}
 k - 3 scrolls of immolation {unknown}
 m - 2 scrolls of enchant weapon {unknown}
 p - 2 scrolls of brand weapon {unknown}
 t - a scroll of noise {unknown}
 u - 2 scrolls of poison {unknown}
 w - 2 scrolls of fog {unknown}
 y - a scroll of magic mapping {unknown}
 z - 2 scrolls of teleportation {unknown}
Potions
 b - a potion of magic
 d - a potion of might {unknown}
 g - 4 potions of lignification {unknown}
 h - 2 potions of brilliance {unknown}
 i - a potion of haste {unknown}
 q - a potion of flight {unknown}
 r - 2 potions of heal wounds {unknown}
 s - a potion of degeneration {unknown}
 v - 3 potions of curing {unknown}
 x - a potion of berserk rage {unknown}


   Skills:
 - Level 1.7 Dodging
 - Level 1.7 Stealth
 + Level 8.1 Spellcasting
 + Level 9.4 Conjurations


You had 21 spell levels left.
You knew the following spells:

 Your Spells              Type           Power      Damage    Failure   Level
a - Magic Dart            Conj           100%       1d8       1%          1
b - Searing Ray           Conj           100%       2d8       1%          2

Your spell library contained the following spells:

 Spells                   Type           Power      Damage    Failure   Level
 Momentum Strike          Conj/Tloc      74%        3d10      1%          2
 Dazzling Flash           Conj/Hex       74%        N/A       2%          3
 Fulminant Prism          Conj/Hex       18%        3d11      9%          4
 Iskenderun's Mystic Bla  Conj/Tloc      37%        2d9       9%          4
 Blink                    Tloc           22%        N/A       10%         2
 Lesser Beckoning         Tloc           22%        N/A       10%         2
 Gell's Gravitas          Tloc           11%        N/A       19%         3
 Teleport Other           Tloc           11%        N/A       19%         3
 Dispersal                Tloc           5%         N/A       100%        6


Dungeon Overview and Level Annotations

Branches:
Dungeon (6/15)             Temple (0/1) D:4

Annotations:
D:6 1 transporter, Prince Ribbit


Innate Abilities, Weirdness & Mutations

You have an increased reservoir of magic. (+10% MP)
You shall have no god before yourself.
Your divine heritage dramatically boosts your attributes as you level up.


Message History

a +0 mace; a +0 animal skin; a human corpse Prince Ribbit blinks!
There is a stone staircase leading up, spattered with blood here.
You fly upwards.
There is a stone staircase leading down here.
You start resting.
Magic restored.
You regained 18 hp, and now have 43/62 hp.
MP restored: 25 You start resting.
HP restored.
Health restored: 62 You fly downwards.
Level annotation: 1 transporter, Prince Ribbit Prince Ribbit hits you! x2
There is a stone staircase leading up, spattered with blood here.
You take 26 damage, and have 36/62 hp.
MASSIVE DAMAGE!!
Casting: Magic Dart (safe; 1% risk of failure)
Confirm with . or Enter, or press ? or * to list all spells.
Aiming: Searing Ray (safe; 1% risk of failure)
Press: ? - help, Shift-Dir - straight line, f - Prince Ribbit
Aim: Prince Ribbit (70% to hit)
The searing ray hits Prince Ribbit!
Prince Ribbit is moderately wounded. (Press . to maintain the ray.) Prince Ribbit hits you!
* * * LOW HITPOINT WARNING * * *
Prince Ribbit barely misses you.
You take 15 damage, and have 21/62 hp.
MASSIVE DAMAGE!!
You now have 23/25 mp.
The searing ray hits Prince Ribbit.
Prince Ribbit is moderately wounded.
Prince Ribbit hits you!
* * * LOW HITPOINT WARNING * * *
You take 10 damage, and have 11/62 hp.
You now have 22/25 mp.
Okay, then.
Okay, then.
The searing ray hits Prince Ribbit.
Prince Ribbit is heavily wounded.
Prince Ribbit barely misses you. Prince Ribbit hits you!
You die...

........#.. .......<....
........#.##............
. ...$..#...............
.. #.................##
... #...................
....#...[#..............
#.....W[').............
#.....F##...#####......
#.....@................
#...>....#......##...##
#........+......'†...#
#........#......##...#
#........#......##...#
#........#......##...#
#.....(..#......##...#
##+#######......##...#
.....#####...#


You could see Prince Ribbit and a phantom.

Vanquished Creatures
  Pikel (D:4)
  4 humans (D:6)
  A steam dragon (D:5)
  Menkaure (D:6)
  A water moccasin (D:6)
  2 black bears (D:6)
  An ogre (D:4)
  A sky beast (D:6)
  A centaur (D:5)
  2 lemures (D:4)
  2 phantoms
  4 scorpions
  A howler monkey (D:4)
  2 hounds
  2 jellies
  3 orc priests
  3 sleepcaps
  Crazy Yiuf (D:5)
  4 iguanas
  2 orc wizards
  4 gnolls (D:2)
  9 adders
  3 white imps
  An ufetubus (D:4)
  2 worms
  4 dart slugs
  12 orcs
  7 endoplasms
  7 giant cockroaches
  10 goblins
  3 hobgoblins
  10 jackals
  2 quokkas (D:1)
  7 ball pythons
  7 bats
  5 frilled lizards
  7 kobolds
  5 rats (D:2)
144 creatures vanquished.

Notes
Turn   | Place    | Note
-------+----------+-------------------------------------------
     0 | D:1      | spardeous the Demigod Conjurer began the quest for the Orb.
     0 | D:1      | Reached XP level 1. HP: 14/14 MP: 5/5
   385 | D:1      | Reached XP level 2. HP: 18/20 MP: 0/7
   659 | D:1      | Reached skill level 4 in Conjurations
  1390 | D:2      | Learned a level 2 spell: Searing Ray
  1415 | D:2      | Reached XP level 3. HP: 21/26 MP: 0/9
  2156 | D:2      | Reached XP level 4. HP: 33/33 MP: 8/11
  2940 | D:2      | Reached skill level 5 in Conjurations
  2940 | D:2      | Reached XP level 5. HP: 14/38 MP: 2/13
  3739 | D:4      | Reached XP level 6. HP: 43/45 MP: 9/15
  4150 | D:4      | Found a staircase to the Ecumenical Temple.
  4292 | D:4      | Noticed Pikel
  4306 | D:4      | Killed Pikel
  4307 | D:4      | Reached skill level 5 in Spellcasting
  4307 | D:4      | Reached skill level 6 in Conjurations
  4307 | D:4      | Reached XP level 7. HP: 46/50 MP: 2/18
  4419 | D:4      | Found a large runed translucent door.
  4419 | D:4      | Found a large runed translucent door.
  4749 | D:5      | Entered Level 5 of the Dungeon
  4854 | D:5      | Reached skill level 7 in Conjurations
  5213 | D:5      | Reached XP level 8. HP: 38/57 MP: 13/20
  6034 | D:5      | Reached skill level 8 in Conjurations
  6588 | D:5      | Found a runed translucent door.
  6589 | D:5      | Noticed Crazy Yiuf
  6636 | D:5      | Killed Crazy Yiuf
  6728 | D:6      | Noticed Menkaure
  6733 | D:6      | Killed Menkaure
  7010 | D:6      | Reached XP level 9. HP: 57/62 MP: 16/24
  7079 | D:6      | Found a transporter.
  7245 | D:6      | Reached skill level 9 in Conjurations
  7375 | D:6      | Noticed Prince Ribbit
  7512 | D:6      | Slain by Prince Ribbit

Illustrated notes

Levels and vault maps discovered:
D:1:      lightli_arrival_quake, layout_rooms, st_stairs_2,
          ebering_dispersal_statue_hall
D:2:      minmay_razor_zed, layout_rooms, st_stairs_1, minivault_25
D:3:      layout_basic, nicolae_overflow_ecumenical_swirl, minmay_misc_feat_x
D:4:      layout_loops_ring, jmf_multi_god_temple2,
          chequers_temple_overflow_statue_of_worship,
          minmay_temple_entry_sparse_star, uniq_pikel
D:5:      minmay_skewed_foursquare, layout_loops_corners,
          uniq_crazy_yiuf_cottage
D:6:      gammafunk_wand_slinger, layout_basic, trog_ov_bears_minmay,
          minmay_ruffians, uniq_prince_ribbit1, uniq_menkaure

Skill      XL: |  1  2  3  4  5  6  7  8  9 |
---------------+----------------------------+-----
Spellcasting   | 2 3 4 5 6 7 8 |  8.1
Conjurations   | 4 5 6 7 8 9 |  9.4
Dodging        | |  1.7
Stealth        | |  1.7

Action                     |  1- 3 |  4- 6 |  7- 9 || total
---------------------------+-------+-------+-------++-------
  Melee: Club              |     4 |     8 |     3 ||    15
   Cast: Magic Dart        |   126 |    81 |    96 ||   303
         Searing Ray       |     1 |    14 |    36 ||    51
 Armour: Robe              |    10 |       |       ||    10
         Leather armour    |       |    16 |    13 ||    29
  Dodge: Dodged            |    37 |    31 |    36 ||   104
